 Dungeon Crawl Stone Soup version 0.31-a0-233-g139696dc86 (webtiles) character file.

Game seed: 15752461242867758608

106 qw the Shooter (level 4, 0/36 HPs)
             Began as a Minotaur Hexslinger on July 7, 2023.
             Succumbed to an adder's poison
             ... on level 2 of the Dungeon.
             The game lasted 00:00:37 (1291 turns).

qw the Shooter (Minotaur Hexslinger)                Turns: 1291, Time: 00:00:37

Health: 0/36       AC:  3    Str: 14    XL:     4   Next: 55%
Magic:  4/4        EV: 12    Int: 10    God:
Gold:   192        SH:  0    Dex: 21    Spells: 4/5 levels left

rFire   . . .        Y - +1 sling
rCold   . . .        (no shield)
rNeg    . . .        f - +0 leather armour
rPois   .            (helmet restricted)
rElec   .            (no cloak)
rCorr   .            (no gloves)
SInv    .            (no boots)
Will    .....        (no amulet)
Stlth   ++           a - ring of Pautoshru {Str+2 Dex+6}
HPRegen 0.26/turn    (no ring)
MPRegen 0.09/turn

%: no passive effects
@: lethally poisoned (0 -> -10), about to teleport
A: horns 2, retaliatory headbutt
a: no special abilities


You were on level 2 of the Dungeon.
You visited 1 branch of the dungeon, and saw 2 of its levels.

You collected 192 gold pieces.


Innate Abilities, Weirdness & Mutations

You have a pair of horns on your head.
You reflexively headbutt those who attack you in melee.


   Skills:
 + Level 2.0 Fighting
 - Level 5.1 Ranged Weapons
 - Level 2.1 Dodging
 - Level 1.0 Spellcasting
 - Level 2.0 Hexes


You had 4 spell levels left.
You knew the following spells:

 Your Spells              Type           Power      Damage    Failure   Level
a - Slow                  Hex            16%        N/A       19%         1

Your spell library contained the following spells:

 Spells                   Type           Power      Damage    Failure   Level
 Inner Flame              Hex/Fire       2%         N/A       65%         3
 Portal Projectile        Hex/Tloc       4%         N/A       65%         3
 Cause Fear               Hex            2%         N/A       88%         4

Inventory:

Hand Weapons
 Y - a +1 sling (weapon)
Armour
 e - a +1 leather armour of poison resistance
 f - a +0 leather armour (worn)
Jewellery
 a - the ring of Pautoshru (left hand) {Str+2 Dex+6}
   (You acquired it on level 1 of the Dungeon)

   [ring of dexterity]

   Str:       It affects your strength (+2).
   Dex:       It affects your dexterity (+6).
Scrolls
 d - a scroll of noise {unknown}
Potions
 b - a potion of heal wounds {unknown}
 c - 2 potions of curing {unknown}
 g - a potion of might {unknown}

Dungeon Overview and Level Annotations

Branches:
Dungeon (2/15)

Altars:
Qazlal


Message History

The orc shouts!
The adder hisses angrily.
The orc closely misses you.
You shoot a sling bullet.
The sling bullet closely misses the adder.
The adder barely misses you. The orc barely misses you. The adder bites you.
You shoot a sling bullet.
The sling bullet closely misses the adder.
The orc barely misses you. The adder bites you but does no damage.
The orc hits you from afar with a +0 trident.
You shoot a sling bullet.
The sling bullet completely misses the adder.
The adder barely misses you. The adder bites you. The orc closely misses you.
You shoot a sling bullet. The sling bullet hits the adder.
The adder is heavily wounded.
The adder closely misses you.
The orc hits you from afar with a +0 trident.
You shoot a sling bullet.
The sling bullet closely misses the adder.
The adder bites you but does no damage.
The orc hits you from afar with a +0 trident.
The adder bites you.
You are poisoned.
The adder poisons you!
You shoot a sling bullet. The sling bullet hits the adder.
The adder is almost dead.
You feel sick. The adder bites you.
You are more poisoned.
The adder poisons you! The orc barely misses you. The adder bites you.
You are more poisoned.
The adder poisons you!
You shoot a sling bullet. The sling bullet hits the adder!
You kill the adder!
You feel very sick.
The orc hits you from afar with a +0 trident!
The orc hits you from afar with a +0 trident.
Your Ranged Weapons skill increases to level 5!
1291 ||| READING scroll of teleportation.
As you read the scroll of teleportation, it crumbles to dust.
You feel strangely unstable.
You die...

############ #....%.....#
#[#.#)'#.#.# ###...#..#...#
#...###..###.### ####
#.#.'.#).#.'...# ...#
#.#.%o#.)#.'.#.##### )..#
#.#@########........ ...#
#####.#...#..#....##..). ...#####
#.......#.#'%#(#.###.... #......#
#.#####..........# #.... +......#
#.#####<.......### #.... #......#
#....#####.....# #....
#......###....# #.....# #.###
####....##....#####.....#####....
.................................


You could see an orc.

Vanquished Creatures
  5 adders (D:2)
  2 worms (D:2)
  2 dart slugs
  3 ball pythons
  3 endoplasms (D:2)
  A giant cockroach (D:1)
  7 goblins
  2 hobgoblins (D:1)
  10 jackals (D:1)
  4 quokkas
  2 bats
  6 frilled lizards
  A kobold (D:2)
  3 rats
51 creatures vanquished.

Notes
Turn   | Place    | Note
-------+----------+-------------------------------------------
     0 | D:1      | qw the Minotaur Hexslinger began the quest for the Orb.
     0 | D:1      | Reached XP level 1. HP: 16/16 MP: 1/1
     0 | D:1      | 0 ||| qw: Version: 0.3-a-46-gb1f654a
     0 | D:1      | 0 ||| qw: Game counter: 3073
     0 | D:1      | 0 ||| qw: Melee chars always use a shield: true
     0 | D:1      | 0 ||| qw: God list: Okawaru
     0 | D:1      | 0 ||| qw: Allow faded altars: false
     0 | D:1      | 0 ||| qw: Do Orc after clearing Dungeon:15 true
     0 | D:1      | 0 ||| qw: Do second Lair branch before Depths: true
     0 | D:1      | 0 ||| qw: Lair rune preference: random
     0 | D:1      | 0 ||| qw: Goals: Normal
     0 | D:1      | 0 ||| PLANNING D:1-11
     3 | D:1      | Noticed an electric eel
     4 | D:1      | Noticed an electric eel
   102 | D:1      | Reached skill level 3 in Ranged Weapons
   102 | D:1      | Reached XP level 2. HP: 23/23 MP: 2/2
   370 | D:1      | Reached XP level 3. HP: 16/29 MP: 3/3
   573 | D:1      | 573 ||| UPGRADING to +0 leather armour.
   583 | D:1      | 583 ||| DROPPING +0 robe.
   584 | D:1      | 584 ||| READING scroll labelled YLELUF JEWUXZAE.
   584 | D:1      | Identified a scroll of acquirement
   584 | D:1      | 584 ||| ACQUIRING ring of Pautoshru {Str+2 Dex+6}
   584 | D:1      | Acquired the ring of Pautoshru {Str+2 Dex+6}
   586 | D:1      | 586 ||| UPGRADING to ring of Pautoshru {Str+2 Dex+6}.
   587 | D:1      | 587 ||| READING scroll labelled HUMAOH IKHLUSO.
   592 | D:1      | 592 ||| DROPPING scroll of poison.
   647 | D:2      | HP: 5/29 [worm (7)]
   654 | D:2      | Reached skill level 4 in Ranged Weapons
   923 | D:2      | Found a stormy altar of Qazlal.
   928 | D:2      | Reached XP level 4. HP: 36/36 MP: 4/4
  1290 | D:2      | HP: 4/36 [orc/+0 trident (7)]
  1291 | D:2      | Reached skill level 5 in Ranged Weapons
  1291 | D:2      | 1291 ||| READING scroll of teleportation.
  1291 | D:2      | Succumbed to an adder's poison

Levels and vault maps discovered:
D:1:      arrival_aquarium_b, layout_rooms, minmay_misc_feat_square
D:2:      layout_basic, basic_altar, minmay_mini_jars

Skill      XL: |  1  2  3  4 |
---------------+-------------+-----
Ranged Weapons | 3 4 5 |  5.1
Fighting       | 2 |  2.0
Dodging        | |  2.1
Spellcasting   | |  1.0
Hexes          | |  2.0

Action                     |  1- 3 |  4- 6 || total
---------------------------+-------+-------++-------
   Fire: Sling             |   104 |    48 ||   152
    Use: Scroll            |     2 |     1 ||     3
 Armour: Robe              |     9 |       ||     9
         Leather armour    |     3 |    16 ||    19
  Dodge: Dodged            |    46 |    24 ||    70

Table legend:
 A = Non-vault XP
 B = Vault XP
 C = Vault XP percentage of total XP
 D = Non-vault monster count
 E = Vault monster count
 F = Vault count percentage of total count
                 A         B        C        D         E       F
            +---------+---------+-------+---------+---------+-------
      Total |     112 |      40 |  26.3 |      42 |       9 |  17.6
            +---------+---------+-------+---------+---------+-------
        D:1 |      47 |       0 |   0.0 |      25 |       0 |   0.0
        D:2 |      65 |      40 |  38.1 |      17 |       9 |  34.6
            +---------+---------+-------+---------+---------+-------
